 Dungeon Crawl Stone Soup version 0.23.2 (webtiles) character file.

Game seed: 3508447074647307097

63 Borgoz the Sneak (level 4, 0/34 HPs)
             Began as a Ghoul Enchanter on Apr 4, 2019.
             Killed by divine providence
             ... invoked by an orc priest
              (8 damage)
             ... on level 2 of the Dungeon.
             The game lasted 00:02:26 (1757 turns).

Borgoz the Sneak (Ghoul Enchanter)                  Turns: 1757, Time: 00:02:27

Health: 0/34       AC:  5    Str:  9 (11) XL:     4   Next: 9%
Magic:  5/5        EV: 10    Int:  8 (10) God:
Gold:   164        SH:  0    Dex:  8 (10) Spells: 3/6 levels left

rFire    . . .     SeeInvis .   e - +0 short sword
rCold    + . .     Gourm    .   (no shield)
rNeg     + + +     Faith    .   c - +0 ring mail
rPois    ∞         Spirit   .   (no helmet)
rElec    .         Reflect  .   (no cloak)
rCorr    .         Harm     .   (no gloves)
MR       .....                  (no boots)
Stlth    +.........             (no amulet)
HPRegen  0.00/turn              (no ring)
MPRegen  0.09/turn              (no ring)

@: rotting
A: rotting body, claws 1, carnivore, cold resistance 1, negative energy
resistance 3, inhibited regeneration, torment resistance, unbreathing
a: no special abilities


You were on level 2 of the Dungeon.
You were not hungry.

You visited 1 branch of the dungeon, and saw 2 of its levels.

You collected 164 gold pieces.

Inventory:

Hand Weapons
 e - a +0 short sword (weapon)
Armour
 c - a +0 ring mail (worn)
Scrolls
 b - a scroll of teleportation {unknown}
 g - a scroll of immolation {unknown}
 i - 2 scrolls of remove curse {unknown}
 j - 3 scrolls of identify {unknown}
 k - a scroll of enchant armour {unknown}
Comestibles
 d - 4 rations
 f - a chunk of flesh


   Skills:
 + Level 0.9 Fighting
 * Level 1.7 Short Blades
 * Level 1.3 Armour
 * Level 2.4 Dodging
 - Level 3.2 Stealth
 - Level 1.7 Spellcasting
 + Level 2.6 Hexes
 + Level 0.6 Ice Magic


You had 3 spell levels left.
You knew the following spells:

 Your Spells              Type           Power        Failure   Level  Hunger
a - Corona                Hex            #......      34%         1    ##.....
b - Ensorcelled Hibernat  Hex/Ice        #.....       61%         2    ###....

Your spell library contained the following spells:

 Spells                   Type           Power        Failure   Level  Hunger
 Confuse                  Hex            #.......     71%         3    ####...
 Tukima's Dance           Hex            #.......     71%         3    ####...
 Dazzling Spray           Conj/Hex       #.....       87%         3    ####...


Dungeon Overview and Level Annotations

Branches:
Dungeon (2/15)

Altars:
Xom


Innate Abilities, Weirdness & Mutations

Your body is rotting away.
You thrive on raw meat.
You are immune to poison.
You have sharp fingernails.
You are carnivorous and can eat meat at any time.
Your flesh is cold resistant. (rC+)
You are immune to negative energy. (rN+++)
You do not regenerate when monsters are visible.
You are immune to unholy pain and torment.
You can survive without breathing.


Message History

Okay, then.
It was a potion of degeneration.
There was something very wrong with that liquid.
You feel weakened.
You feel dopey.
You feel clumsy.
The orc priest calls down the wrath of Beogh upon you.
Beogh smites you! The leopard gecko barely misses you.
The orc hits you but does no damage.
It was a potion of resistance.
You feel protected.
The orc priest mumbles some strange prayers to Beogh against you.
Beogh smites you!
* * * LOW HITPOINT WARNING * * *
The leopard gecko closely misses you. The orc completely misses you.
It was a potion of cancellation.
Your magical effects are unravelling.
You feel magically purged.
Your resistance to elements expires.
The orc priest calls down the wrath of Beogh upon you.
Beogh smites you!
You die...

#.### #...
#...## #...
###..#####...
#.........## ##
.....###.######
#. #####
#.###### #$
#....... #.####
#####....##
#l@..#
#.....##.##
#...oo##.#
#.######..#
#...oo #.# ##)#
##.. #....o
#.###..# ###
#..... #.....##
### #.....
####..# ##..
#..... #..#
#... #.....
#..# ##...
....#####....


You could see 2 orc priests, an orc wizard, 2 orcs and a leopard gecko.

Vanquished Creatures
  3 oozes (D:1)
  A worm (D:1)
  3 dart slugs
  2 leopard geckos
  2 ball pythons (D:1)
  4 bats
  3 giant cockroaches
  5 goblins (D:2)
  3 hobgoblins
  2 frilled lizards (D:2)
  3 kobolds (D:1)
  7 rats
38 creatures vanquished.

Notes
Turn   | Place    | Note
-------+----------+-------------------------------------------
     0 | D:1      | Borgoz the Ghoul Enchanter began the quest for the Orb.
     0 | D:1      | Reached XP level 1. HP: 14/14 MP: 2/2
   156 | D:1      | Reached skill level 1 in Short Blades
   506 | D:1      | Reached XP level 2. HP: 20/20 MP: 3/3
   589 | D:1      | Learned a level 2 spell: Ensorcelled Hibernation
   710 | D:1      | Reached skill level 1 in Armour
   710 | D:1      | Reached XP level 3. HP: 19/27 MP: 4/4
  1480 | D:2      | Reached XP level 4. HP: 23/34 MP: 5/5
  1549 | D:2      | Found a shimmering altar of Xom.
  1757 | D:2      | Killed from afar by an orc priest

Skill      XL: |  1  2 |
---------------+-------+-----
Short Blades   | 1 |  1.7
Dodging        | 2 |  2.4
Armour         | 1 |  1.3
Fighting       | |  0.9
Stealth        | |  3.2
Spellcasting   | |  1.7
Hexes          | |  2.6
Ice Magic      | |  0.6

Action                   |  1- 3 |  4- 6 || total
-------------------------+-------+-------++-------
Melee: Dagger            |    15 |       ||    15
       Short sword       |   125 |    23 ||   148
 Cast: Corona            |     1 |       ||     1
       Ensorcelled Hiber |     1 |       ||     1
  Use: Scroll            |     1 |       ||     1
       Potion            |       |     3 ||     3
 Stab: Sleeping          |     2 |       ||     2
  Eat: Chunk             |     3 |     2 ||     5
Armor: Ring mail         |    62 |    25 ||    87
Dodge: Dodged            |    79 |    20 ||    99
